Map: Oxide LE

Players

Krishn - Winner!

  • Race: Terran Terran
  • League: Diamond
  • Spawn Location: 1:00

Massa

  • Race: Terran Terran
  • League: Platinum
  • Spawn Location: 7:00

VOD

Have the link to the VOD?

Description

Time

  • Played on: Jan. 3, 2021, 9:07 a.m.
  • Length: 21:33
Show
View Real Time Build Order
Export as new Build Order

Krishn Terran - Winner!

Build Orders: Reaper Expand 

Get SALT Encoding   

  12  0:00  SCV  
  13  0:12  SCV  
  14  0:17  Supply Depot  
  14  0:24  SCV  
  15  0:39  SCV  
  15  0:42  Barracks  
  16  0:44  Refinery  
  16  0:51  SCV  
  17  1:03  SCV  
  18  1:13  Refinery  
  18  1:15  SCV  
  19  1:31  Orbital Command  
  19  1:32  Reaper  
  20  1:50  Command Center  
  20  1:59  SCV  
  21  2:07  Factory  
  21  2:15  SCV  
  22  2:17  Barracks Reactor  
  22  2:27  SCV  
  23  2:32  Supply Depot  
  23  2:52  Starport  
  23  2:53  SCV  
  23  2:55  Marine x2  
  26  3:03  Orbital Command  
  26  3:06  SCV  
  26  3:12  Factory Tech Lab  
  26  3:15  Marine  
  26  3:16  Marine  
  26  3:18  Barracks  
  28  3:21  SCV  
  29  3:30  SCV  
  29  3:45  SCV  
  29  3:47  Marine  
  29  3:48  Marine  
  31  3:49  SCV  
  31  3:55  Siege Tank  
  35  3:57  SCV  
  35  4:02  SCV  
  37  4:06  Starport Reactor  
  37  4:09  SCV  
  38  4:11  Barracks  
  38  4:12  Supply Depot  
  38  4:14  SCV, Engineering Bay  
  38  4:16  Marine  
  38  4:17  Marine  
  40  4:21  SCV  
  40  4:23  Barracks Tech Lab  
  42  4:26  SCV  
  43  4:35  Siege Tank  
  46  4:40  Terran Infantry Weapons Level 1  
  46  4:43  Engineering Bay  
  46  4:48  Medivac  
  46  4:49  Medivac  
  50  4:55  Supply Depot  
  50  5:00  Barracks Reactor  
  50  5:01  Stimpack  
  50  5:03  Marine x2  
  50  5:04  Marine  
  53  5:09  Terran Infantry Armor Level 1  
  53  5:18  SCV x2  
  53  5:19  Refinery x2  
  55  5:30  SCV x2  
  57  5:37  Armory  
  57  5:51  Marine  
  57  5:52  Marine x4  
  62  5:59  Siege Tank  
  62  6:01  Supply Depot  
  62  6:02  Supply Depot  
  62  6:03  SCV x2  
  67  6:11  Marine x2  
  67  6:12  Marine  
  70  6:20  SCV  
  70  6:21  Marine  
  70  6:22  Marine  
  70  6:23  SCV, Medivac x2  
  72  6:32  SCV  
  72  6:40  SCV  
  72  6:42  Terran Infantry Weapons Level 2  
  72  6:43  Marine  
  72  6:44  SCV, Marine x3  
  72  6:45  Combat Shield  
  78  6:54  SCV, Marine, Siege Tank  
  78  6:56  SCV  
  84  7:01  Marine  
  84  7:06  SCV  
  86  7:08  SCV  
  86  7:09  Marine x3  
  86  7:11  Terran Infantry Armor Level 2  
  86  7:12  Marine  
  91  7:18  SCV  
  92  7:26  Marine x2  
  94  7:36  Marine x2  
  92  7:41  Siege Tank  
  75  8:01  SCV x2  
  70  8:13  SCV  
  54  8:54  SCV x2  
  56  8:57  Marine x5  
  56  9:00  Siege Tank  
  64  9:06  SCV  
  64  9:07  SCV  
  64  9:08  Command Center  
  66  9:14  Marine  
  66  9:15  Marine x4  
  71  9:23  Barracks  
  71  9:32  Marine, Siege Tank  
  71  9:33  Marine x3  
  78  9:39  Barracks  
  78  9:43  Starport Tech Lab  
  78  9:55  Barracks  
  64  10:17  Missile Turret  
  61  10:22  Marine  
  61  10:23  Marine x4  
  65  10:34  Missile Turret  
  65  10:37  SCV  
  65  10:38  SCV  
  65  10:40  Marine  
  65  10:41  Orbital Command  
  68  10:52  SCV x2  
  70  11:01  Missile Turret  
  70  11:04  SCV x2  
  72  11:16  SCV  
  73  11:26  SCV x2  
  73  11:28  SCV  
  73  11:29  Barracks Reactor, Marine  
  73  11:30  Marine x5  
  82  11:38  SCV x2  
  71  11:40  SCV  
  71  11:43  Marine  
  70  11:47  Marine x2  
  70  11:50  SCV x2  
  74  11:58  Marine x3  
  74  11:59  Marine  
  78  12:01  Marine  
  78  12:05  Marine  
  80  12:10  Marine  
  81  12:16  Marine x4  
  85  12:25  SCV x3  
  88  12:37  SCV x2  
  87  12:56  Marine x6  
  87  12:57  Marine  
  94  13:13  Marine  
  94  13:14  Terran Infantry Weapons Level 3, Marine x4  
  94  13:15  Terran Infantry Armor Level 3  
  94  13:17  Barracks Reactor  
  94  13:18  Marine x4  
  97  13:26  SCV  
  89  13:27  SCV x2  
  91  13:34  Raven  
  91  13:38  SCV  
  91  13:39  SCV x2  
  96  13:48  Siege Tank  
  99  13:54  Supply Depot  
  99  13:59  Refinery  
  99  14:00  Refinery  
  99  14:14  Command Center  
  99  14:17  Raven  
  99  14:20  Siege Tank  
  93  14:34  Marine x7  
  95  14:43  Marine  
  95  14:44  Marine x3  
  99  14:48  SCV x3  
  99  14:51  Marine  
  99  14:52  Marine x6  
  109  15:01  Marine x2, Supply Depot  
  109  15:03  Siege Tank, Supply Depot  
  114  15:07  Medivac  
  116  15:27  Orbital Command  
  116  15:34  Marine  
  116  15:35  Marine x10, Siege Tank  
  130  15:37  Medivac  
  132  15:45  Barracks  
  132  15:47  Refinery  
  132  15:49  Refinery, Barracks  
  132  15:52  Marine  
  132  15:53  Marine x10  
  91  16:07  Medivac, Siege Tank  
  91  16:10  Marine x7  
  91  16:11  Marine x4  
  97  16:19  SCV x3  
  97  16:20  SCV  
  101  16:28  Marine x2  
  101  16:31  SCV  
  101  16:32  SCV x3  
  107  16:35  Barracks Tech Lab, Barracks  
  107  16:36  Barracks Tech Lab  
  107  16:37  Medivac  
  107  16:39  Siege Tank  
  111  16:43  SCV  
  111  16:44  SCV x3  
  92  16:49  Marine  
  92  16:50  Marine x10  
  97  17:06  Starport  
  97  17:07  Marine, Medivac  
  97  17:08  Marine  
  101  17:33  Marine x8  
  101  17:34  Marine x3  
  110  17:42  Marine  
  110  17:43  Marauder  
  107  17:51  Marine x6  
  98  17:52  Marauder  
  104  17:58  Marine  
  104  18:01  Marauder  
  104  18:02  Concussive Shells  
  104  18:05  Marauder  
  109  18:06  SCV x2  
  109  18:08  Starport Reactor  
  109  18:11  Medivac  
  113  18:13  Marauder  
  113  18:15  SCV x2  
  113  18:18  Hi-Sec Auto Tracking  
  117  18:25  Siege Tank  
  120  18:29  Barracks Tech Lab  
  120  18:31  Marauder x2  
  120  18:32  Marine x5  
  120  18:33  Marine x5  
  134  18:35  Marauder  
  136  18:42  Supply Depot  
  136  18:45  Factory  
  134  18:50  Marine x6  
  134  18:51  Marine  
  134  18:52  Marauder  
  121  19:02  Marine  
  108  19:03  Marine x4  
  113  19:14  Marauder  
  106  19:21  Marauder x2, Marine x8  
  106  19:23  Marine x2  
  118  19:28  SCV x3  
  121  19:35  SCV, Marauder  
  124  19:39  Marine x3  
  124  19:40  SCV  
  124  19:43  Marauder x2  
  131  19:51  Command Center  
  114  19:57  Marauder  
  113  20:04  Marauder x2  
  111  20:09  Marine x5  
  111  20:10  Marine x5  
  117  20:18  Marauder  
  111  20:25  Marauder x2  
  111  20:27  Marine x5  
  111  20:28  Marine x3  
  115  20:32  Marine  
  115  20:33  Marine  
  114  20:39  Marauder  
  116  20:44  Marine  
  116  20:45  Marine x4  
  116  20:46  Marine x3  
  116  20:47  Marauder x2  
  128  20:50  Marine  
  128  20:55  Marine  
  129  21:01  Marauder  
  129  21:02  Marine  
  129  21:03  Orbital Command, Marine x5  
  135  21:05  SCV x3  
  135  21:08  Marauder x2  
Show
View Real Time Build Order
Export as new Build Order

Massa Terran 

Build Orders:  

Get SALT Encoding   

  12  0:00  SCV  
  13  0:12  SCV  
  14  0:17  Supply Depot  
  14  0:24  SCV  
  15  0:39  SCV  
  15  0:41  Barracks  
  16  0:51  SCV  
  17  1:03  SCV  
  18  1:15  SCV  
  19  1:19  Refinery  
  19  1:29  Marine  
  19  1:31  Orbital Command  
  20  1:38  Command Center  
  20  1:46  Refinery  
  20  2:00  SCV  
  21  2:12  SCV  
  21  2:16  Reaper  
  22  2:25  SCV  
  23  2:38  Factory  
  21  2:54  SCV  
  21  2:57  Barracks Tech Lab  
  22  3:06  SCV  
  22  3:11  Orbital Command  
  23  3:17  Marine  
  23  3:18  Stimpack  
  24  3:20  Command Center  
  24  3:22  SCV  
  25  3:29  Engineering Bay  
  26  3:34  SCV  
  26  4:12  SCV x2  
  26  4:13  Factory Tech Lab  
  26  4:17  Marine, Supply Depot  
  28  4:24  SCV x2, Missile Turret  
  30  4:26  Starport  
  30  4:28  Barracks  
  31  4:32  SCV  
  31  4:34  Marine  
  31  4:36  SCV x2  
  35  4:40  Siege Tank  
  37  4:48  SCV x2  
  37  4:50  Terran Infantry Weapons Level 1  
  39  4:57  Marine  
  40  5:03  Medivac  
  40  5:06  SCV x3  
  45  5:10  Missile Turret  
  45  5:13  Widow Mine  
  47  5:15  Marine  
  47  5:16  Barracks  
  47  5:17  Marine  
  47  5:18  SCV x2  
  47  5:20  Supply Depot  
  51  5:24  Supply Depot  
  51  5:26  SCV  
  52  5:32  Combat Shield  
  52  5:33  Marine, Medivac  
  52  5:34  Widow Mine  
  52  5:35  Marine  
  58  5:54  Marine  
  59  5:59  Refinery, SCV x2  
  59  6:00  Refinery, SCV  
  62  6:04  Siege Tank  
  62  6:06  Barracks Reactor, Barracks Tech Lab  
  62  6:09  Liberator  
  68  6:11  SCV  
  68  6:12  SCV x2, Marine  
  72  6:30  Marauder  
  67  6:48  Widow Mine  
  67  6:51  Marine  
  67  6:52  SCV  
  67  6:53  SCV  
  72  7:04  SCV  
  72  7:05  SCV  
  74  7:09  Marine  
  74  7:10  Widow Mine  
  74  7:11  Planetary Fortress  
  77  7:24  Starport Reactor  
  77  7:27  Supply Depot  
  77  7:28  Supply Depot x3  
  77  7:29  Armory, Supply Depot  
  77  7:32  Engineering Bay  
  77  7:38  SCV x2  
  76  7:49  Marine x2  
  76  7:50  SCV x2, Marauder  
  82  7:54  SCV  
  80  8:02  SCV x2  
  72  8:06  SCV  
  72  8:07  Marine x2  
  72  8:10  Marine  
  69  8:19  SCV  
  68  8:25  Marine x2  
  68  8:26  Liberator x2  
  68  8:27  Factory x2  
  68  8:28  Marine  
  68  8:31  SCV  
  50  8:42  Marine  
  50  8:43  SCV  
  50  8:47  Marauder  
  52  8:49  Marine  
  52  8:55  Barracks  
  51  9:02  Command Center  
  51  9:05  Supply Depot  
  51  9:08  Marauder  
  53  9:11  SCV  
  53  9:12  Refinery, SCV  
  55  9:24  SCV x2  
  57  9:25  Marine x2  
  57  9:27  Terran Infantry Armor Level 1, Terran Infantry Weapons Level 2, Supply Depot  
  57  9:29  Marauder, Terran Vehicle Weapons Level 1  
  61  9:36  SCV x2, Factory Tech Lab  
  61  9:37  Factory Reactor  
  63  9:40  Medivac x2  
  63  9:42  Marine  
  63  9:43  Marine  
  63  9:44  Barracks Tech Lab  
  69  9:48  SCV x2  
  69  9:49  Supply Depot  
  69  9:51  Marauder  
  73  10:00  SCV x2, Marine x2  
  77  10:12  Marauder  
  71  10:18  Marine  
  69  10:31  Orbital Command  
  69  10:34  SCV x2  
  71  10:41  Sensor Tower  
  71  10:46  SCV x2  
  71  10:47  Sensor Tower  
  71  10:49  Liberator x2  
  79  11:05  SCV x3  
  79  11:06  Refinery  
  82  11:17  SCV x3  
  85  11:38  Marauder x2, Marine  
  85  11:39  Marine  
  77  11:40  Siege Tank  
  77  11:41  Widow Mine x2  
  78  11:56  Marine  
  78  11:57  Marine  
  78  11:59  Marauder  
  78  12:00  Marauder  
  83  12:02  Widow Mine x2  
  83  12:04  Command Center  
  84  12:12  Siege Tank  
  80  12:20  Marine x2  
  80  12:21  Marauder x2  
  80  12:22  SCV x2  
  88  12:23  Widow Mine  
  88  12:27  Liberator x2  
  96  12:34  Terran Infantry Weapons Level 3, SCV, Supply Depot x2  
  96  12:35  SCV  
  98  12:37  Supply Depot  
  98  12:38  Marine x2, Supply Depot  
  98  12:40  Supply Depot  
  100  12:56  SCV  
  100  12:57  Supply Depot  
  100  12:58  Supply Depot x2  
  101  12:59  Marauder, Supply Depot, Siege Tank  
  106  13:10  Widow Mine x2  
  92  13:32  Widow Mine x2  
  96  13:37  Viking x2  
  96  13:39  Marauder  
  102  13:42  Concussive Shells  
  102  13:43  Terran Infantry Armor Level 2  
  102  13:49  Command Center  
  102  14:00  Marauder  
  104  14:07  Viking  
  104  14:42  Factory Tech Lab  
  104  14:50  Barracks Tech Lab, Sensor Tower  
  104  14:57  SCV x2  
  110  15:00  Widow Mine x2  
  110  15:05  Siege Tank  
  113  15:07  Medivac x2  
  113  15:09  SCV x2  
  119  15:18  Planetary Fortress  
  119  15:21  Widow Mine x2, SCV x2  
  125  15:29  Sensor Tower  
  125  15:33  SCV x2  
  127  15:37  Liberator x2, Siege Tank  
  127  15:42  Widow Mine  
  138  15:45  SCV  
  138  15:46  SCV  
  139  15:57  SCV  
  139  15:58  SCV  
  130  16:08  Command Center  
  130  16:15  Planetary Fortress  
  130  16:20  Refinery  
  130  16:23  Refinery, Marauder x2, Marine  
  135  16:44  Marauder x2  
  93  16:58  Marine  
  93  16:59  Marine  
  93  17:00  SCV x2  
  95  17:06  Marauder x2  
  99  17:11  Sensor Tower  
  99  17:12  SCV x2  
  101  17:16  Marine x2, Siege Tank  
  101  17:18  Widow Mine  
  107  17:24  SCV  
  107  17:25  SCV  
  107  17:27  Marauder x2  
  113  17:34  Marine  
  113  17:36  SCV  
  113  17:48  Marauder x2  
  114  17:53  Command Center  
  114  18:03  Sensor Tower  
  114  18:05  Planetary Fortress  
  116  18:13  Refinery, Marauder x2, Marine x2  
  120  18:27  Terran Infantry Armor Level 3  
  120  18:31  Marine  
  123  18:34  Marauder x2  
  124  18:55  Marauder  
  88  19:20  Siege Tank  
  88  19:21  Widow Mine x2  
  88  19:22  Marauder  
  88  19:23  Marauder, Marine x2  
  94  19:34  Planetary Fortress  
  94  19:40  Marine  
  94  19:44  Marauder x2  
  99  19:52  Siege Tank  
  88  19:54  Marine  
  77  20:00  Marine  
  77  20:05  Marauder  
  76  20:12  Marine  
  71  20:18  Widow Mine x2, Marine  
  76  20:22  Barracks  
  76  20:24  Siege Tank  
  76  20:27  Marauder  
  79  20:29  Marine  
  70  20:39  Widow Mine x2  
  70  20:41  Barracks  
  81  20:43  Barracks  
  81  20:48  Marauder  
  77  20:56  Siege Tank  
Tags
 
Matchup
TvT
Race
Terran
Replay Pack
Multiplayer
Spawn Locations
Cross Positions
Add a new tag
Caveats
  • Supply blocks, unpowered buildings, or Contaminate may cause inaccurate times.
  • Supply counts are checked every 10 seconds.